AoeStats
← [PSCH] R!ce

African Clearing

505278358Analyzed
4v4 RM · 24d ago on Sep 8, 2026· 38m 12s· 8 players
Game mode
Random Map
Map size
Large (8 player)
Population
200
Speed
Normal
Resources
Standard
Victory
Conquest
Starting age
Dark Age
Ending age
Imperial Age
RankedLock teamsTeams togetherTeam positionsShared explorationLock speedFull tech treeHidden civsTurbo modeCheats
Victory
Defeat
🇭🇷 Portuguese · Croatia
1602
+11
🇷🇪 Gurjaras · Réunion
1564
+12
🇻🇳 Vietnamese · Vietnam
1554
+12
🇫🇷 Teutons · France
1539
+13
🇨🇭 Persians · Switzerland
1494
-13
🇨🇭 Bengalis · Switzerland
1486
-12
🇨🇭 Shu · Switzerland
1467
-12
🇨🇭 Hindustanis · Switzerland
1458
-11
Jimmy
3:43 Loom
11:59 Feudal Age
13:50 Double-Bit Axe
14:19 Fletching
23:21 Castle Age
28:58 Redemption
29:51 Sanctity
33:26 Fervor
La Baguette
9:27 Loom
11:37 Feudal Age
12:11 Double-Bit Axe
12:07 Horse Collar
21:36 Castle Age
19:43 Scale Barding Armor
20:09 Forging
20:05 Gold Mining
20:36 Bloodlines
22:50 Chain Barding Armor
22:53 Bow Saw
22:49 Heavy Plow
27:53 Husbandry
29:02 Wheelbarrow
30:42 Iron Casting
33:28 Town Watch
36:54 Imperial Age
34:36 Fletching
38:24 Plate Barding Armor
37:36 Heavy Camel Rider
ost.nostalgia
2:41 Loom
12:40 Feudal Age
16:54 Castle Age
14:52 Double-Bit Axe
15:13 Stone Mining
16:07 Horse Collar
18:54 Bow Saw
21:03 Heavy Plow
21:53 Gold Mining
25:40 Fletching
29:58 Bodkin Arrow
32:41 Wheelbarrow
32:54 Hand Cart
33:12 Ballistics
33:49 Padded Archer Armor
34:24 Town Watch
35:44 Thumb Ring
37:37 Town Patrol
Obélix
9:56 Loom
13:27 Feudal Age
16:56 Castle Age
15:05 Double-Bit Axe
15:15 Horse Collar
16:45 Scale Barding Armor
19:56 Town Watch
22:02 Forging
25:49 Bloodlines
26:19 Bow Saw
26:37 Chain Barding Armor
29:05 Wheelbarrow
30:33 Heavy Plow
32:30 Iron Casting
32:39 Fletching
33:25 Gold Mining
33:25 Stone Mining
34:23 Hand Cart
40:55 Imperial Age
[PSCH] R!ce
5:29 Loom
13:30 Feudal Age
17:49 Castle Age
18:03 Double-Bit Axe
19:55 Bow Saw
24:27 Fletching
25:26 Bodkin Arrow
33:11 Ballistics
37:18 Bloodlines
ChnebelSchnägg
3:42 Loom
13:39 Feudal Age
18:35 Castle Age
17:13 Double-Bit Axe
17:24 Gold Mining
18:18 Bloodlines
18:02 Horse Collar
20:10 Scale Barding Armor
27:04 Town Watch
28:55 Forging
29:37 Wheelbarrow
29:47 Scale Mail Armor
30:50 Pikeman
31:38 Fletching
33:46 Heavy Plow
35:41 Husbandry
36:19 Iron Casting
37:10 Hand Cart
[PSCH] Reh
6:17 Loom
13:24 Feudal Age
19:18 Castle Age
17:49 Double-Bit Axe
18:46 Fletching
36:32 Horse Collar
[PSCH] wolverito
7:09 Loom
10:54 Loom
12:39 Feudal Age
15:56 Fletching
16:25 Double-Bit Axe
19:27 Castle Age
18:30 Forging
20:26 Castle Age
20:08 Scale Mail Armor
20:19 Forging
20:32 Crossbowman
21:11 Bodkin Arrow
20:52 Pikeman
21:50 Padded Archer Armor
32:15 Town Watch
Connection lost

Rejoining the realm…

Still unreachable

The connection could not be restored.

Session expired

The server has moved on; the page needs a fresh start.